 Dungeon Crawl Stone Soup version 0.20.0-15-g7f486f2 (webtiles) character file.

198 vishdafish the Shield-Bearer (level 6, 0/48 HPs)
             Began as a Formicid Fighter on June 29, 2017.
             Slain by a kobold
             ... wielding a +0 dagger
              (1 damage)
             ... on level 3 of the Dungeon.
             The game lasted 00:03:17 (2131 turns).

vishdafish the Shield-Bearer (Formicid Fighter)     Turns: 2131, Time: 00:03:18

Health: 0/48       AC:  8    Str: 22    XL:     6   Next: 6%
Magic:  6/6        EV:  9    Int:  7    God:
Gold:   138        SH: 10    Dex: 11    Spells: 5/5 levels left

rFire    . . .     SeeInvis +   a - +0 war axe
rCold    . . .     Gourm    .   c - +0 shield
rNeg     . . .     Faith    .   s - +0 scale mail {MR+}
rPois    .         Spirit   .   (helmet unavailable)
rElec    .         Reflect  .   e - +0 cloak
rCorr    .         Harm     .   (no gloves)
MR       ++...                  (no boots)
Stlth    ..........             (no amulet)
Regen    0.2/turn               l - ring of protection from magic
MPRegen  0.1/turn               (no ring)

@: no status effects
A: permanent stasis, dig shafts and tunnels, four strong arms, antennae 3
a: Dig, Shaft Self


You were on level 3 of the Dungeon.
You were not hungry.

You visited 1 branch of the dungeon, and saw 3 of its levels.

You collected 138 gold pieces.

Inventory:

Hand Weapons
 a - a +0 war axe (weapon)
Armour
 b - a +0 scale mail
 c - a +0 shield (worn)
 e - a +0 cloak (worn)
 s - a +0 scale mail of magic resistance (worn)
Jewellery
 l - a ring of protection from magic (left hand)
Scrolls
 g - a scroll of random uselessness {unknown}
 i - a scroll of enchant weapon {unknown}
 j - 3 scrolls of identify {unknown}
 k - 2 scrolls of remove curse {unknown}
 n - a scroll of teleportation {unknown}
Potions
 d - a potion of might
 h - a potion of agility
 m - a potion of curing
Comestibles
 f - 4 bread rations
 o - 7 fruits
 p - a royal jelly
 r - 2 meat rations


   Skills:
 + Level 4.1 Fighting
 * Level 3.4 Axes
 + Level 4.0 Armour
 + Level 1.5 Dodging
 * Level 4.8 Shields


You had 5 spell levels left.
You didn't know any spells.

Dungeon Overview and Level Annotations

Branches:
Dungeon (3/15)

Altars:
Hepliaklqana


Innate Abilities, Weirdness & Mutations

You cannot be hasted, slowed, berserked, paralysed or teleported.
You can dig through walls and to a lower floor.
Your four strong arms can wield two-handed weapons with a shield.
You have a pair of large antennae on your head. (SInv)


Message History

The gnoll hits you from afar with a halberd.
You hit the gnoll.
You kill the gnoll!
You have reached level 6!
Your experience leads to an increase in your attributes!
Increase (S)trength, (I)ntelligence, or (D)exterity?
You feel stronger.
The gnoll hits you from afar with a spear.
The gnoll hits you from afar with a halberd!
* * * LOW HITPOINT WARNING * * *
The gnoll barely misses you.
Okay, then.
You slash the gnoll!
You kill the gnoll!
The gnoll barely misses you. The gnoll closely misses you.
The kobold throws a stone.
You block the stone. The gnoll hits you with a halberd!
* * * LOW HITPOINT WARNING * * *
The gnoll hits you but does no damage. The kobold hits you with a dagger.
You die...

{ ######.#
#......# {
#.######
#.# #.# #
#.# ...####
#.#
......g##.#
......g@(.#
.....#K####
#.# #. ##


You could see 2 gnolls and a kobold.

Vanquished Creatures
  2 orc priests (D:3)
  An orc wizard (D:3)
  2 gnolls (D:3)
  2 adders
  A worm (D:2)
  2 dart slugs (D:2)
  2 leopard geckos
  16 orcs
  2 hobgoblins (D:1)
  6 kobolds
  A quokka (D:3)
  2 ball pythons (D:2)
  5 bats
  3 frilled lizards
  7 goblins
  4 rats
58 creatures vanquished.

Notes
Turn   | Place    | Note
-------+----------+-------------------------------------------
     0 | D:1      | vishdafish the Formicid Fighter began the quest for the Orb.
     0 | D:1      | Reached XP level 1. HP: 18/18 MP: 1/1
   178 | D:1      | Reached XP level 2. HP: 24/24 MP: 2/2
   917 | D:2      | Found a hazy altar of Hepliaklqana.
   942 | D:2      | Reached XP level 3. HP: 28/29 MP: 3/3
  1441 | D:2      | Reached XP level 4. HP: 23/37 MP: 4/4
  1594 | D:3      | Reached skill level 1 in Dodging
  1976 | D:3      | Reached XP level 5. HP: 42/42 MP: 5/5
  2129 | D:3      | Reached XP level 6. HP: 22/48 MP: 6/6
  2131 | D:3      | HP: 1/48 [gnoll/halberd (8)]
  2131 | D:3      | Slain by a kobold

Skill      XL: |  1  2  3  4  5 |
---------------+----------------+-----
Shields        | 4 |  4.8
Dodging        | 1 |  1.5
Axes           | 3 |  3.4
Fighting       | 4 |  4.1
Armour         | 4 |  4.0

Action                   |  1- 3 |  4- 6 || total
-------------------------+-------+-------++-------
Melee: War axe           |   128 |    85 ||   213
  Use: Potion            |       |     2 ||     2
  Eat: Chunk             |     1 |     3 ||     4
Armor: Scale mail        |    55 |    41 ||    96
Dodge: Dodged            |    51 |    43 ||    94
Block: Shield            |    78 |    49 ||   127
